 Dungeon Crawl Stone Soup version 0.29.1-2-gbd0b4ee654 (webtiles) character file.

Game seed: 6317797768091676298

124907 boopmooplesden the Executioner (level 16, -5/155 HPs)
             Began as a Minotaur Berserker on Nov 9, 2022.
             Was a High Priest of Trog.
             Slain by a black mamba (8 damage)
             ... led by a naga ritualist
             ... on level 3 of the Snake Pit.
             The game lasted 00:58:54 (35655 turns).

boopmooplesden the Executioner (MiBe)              Turns: 35655, Time: 00:58:55

Health: -5/155     AC: 34    Str: 29    XL:     16   Next: 40%
Magic:  1/25       EV: 12    Int:  7    God:    Trog [*****.]
Gold:   1188       SH:  5    Dex: 16    Spells: 15/15 levels left

rFire   + + +      SeeInvis .   B - +6 lajatang (venom)
rCold   x . .      Faith    .   (shield currently unavailable)
rNeg    . . .      Spirit   .   R - +5 fire dragon scales
rPois   +          Reflect  +   f - +3 hat of Pondering {ponderous, Will+ MP+10 Int+5}
rElec   .          Harm     .   P - +2 cloak
rCorr   .          Rampage  +   a - +3 Mad Mage's Maulers {Infuse+∞ RegenMP Int-3}
Will    ++++.      Clarity  +   r - +2 pair of boots {rampage}
Stlth   ++........              O - amulet of reflection
HPRegen 1.35/turn               e - ring of poison resistance
MPRegen 0.59/turn               z - ring "Libapp" {rF+ Dex+4 Stlth+}

@: lethally poisoned (-5 -> -7), strong-willed, on berserk cooldown,
regenerating, slowed, constricted, studying Staves, very slow
A: horns 2, retaliatory headbutt, clarity, shaggy fur 1, strong 1
a: Renounce Religion, Berserk, Trog's Hand, Brothers in Arms


You were on level 3 of the Snake Pit.
You worshipped Trog.
Trog was extremely pleased with you.
You visited 5 branches of the dungeon, and saw 26 of its levels.
You also visited: Ossuary and Gauntlet.

You collected 2533 gold pieces.
You spent 1345 gold pieces at shops.

Inventory:

Hand Weapons
 t - a +5 executioner's axe of flaming
 u - the +2 mace "Trog's Brutal Revenge" {venom, rPois Will- Str+5 Dex-2}
   (You found it on level 13 of the Dungeon)

   It poisons the flesh of those it strikes.
   Str:       It affects your strength (+5).
   Dex:       It affects your dexterity (-2).
   rPois:     It protects you from poison.
   Will:      It decreases your willpower.
 v - a +4 vorpal whip
 B - a +6 lajatang of venom (weapon)
 H - the +11 war axe of the Abyss {venom, Dex+2}
   (You bought it in a shop on level 2 of the Orcish Mines)

   It poisons the flesh of those it strikes.
   Dex:       It affects your dexterity (+2).
 U - a +2 demon whip of venom
Missiles
 h - 7 javelins
 l - 20 boomerangs (quivered)
 Z - 4 silver javelins
Armour
 a - the +3 Mad Mage's Maulers (worn) {Infuse+∞ RegenMP Int-3}
   (You found it on level 2 of the Snake Pit)

   It empowers its wearer's blows with all of their magic.
   It causes its wearer's magical reserves to regenerate more quickly.
   Int:       It affects your intelligence (-3).
 f - the +3 hat of Pondering (worn) {ponderous, Will+ MP+10 Int+5}
   (You took it off Gastronok on level 3 of the Lair of Beasts)

   Int:       It affects your intelligence (+5).
   MP:        It affects your magic capacity (+10).
   Will:      It increases your willpower.
 r - a +2 pair of boots of rampaging (worn)
 P - a +2 cloak (worn)
 R - +5 fire dragon scales (worn)
Jewellery
 b - a +6 ring of strength
 e - a ring of poison resistance (left hand)
 i - an amulet of faith
 z - the ring "Libapp" (right hand) {rF+ Dex+4 Stlth+}
   (You bought it in a shop on level 2 of the Orcish Mines)

   [ring of protection from fire]

   Dex:       It affects your dexterity (+4).
   rF:        It protects you from fire.
   Stlth:     It makes you more stealthy.
 A - a +4 ring of evasion
 C - a ring of protection from cold
 D - a ring of flight
 M - an amulet of regeneration
 O - an amulet of reflection (around neck)
 V - a ring of see invisible
 Y - a ring of fire
Wands
 o - a wand of polymorph (18)
 F - a wand of roots (12)
 N - a wand of mindburst (12)
 S - a wand of charming (9)
 X - a wand of flame (59)
Scrolls
 c - 7 scrolls of butterflies
 q - 11 scrolls of teleportation
 y - 5 scrolls of poison
 G - 3 scrolls of identify
 L - 3 scrolls of fear
 T - 2 scrolls of magic mapping
Potions
 d - 9 potions of attraction
 g - 3 potions of might
 k - 8 potions of curing
 m - a potion of invisibility
 n - 5 potions of resistance
 s - 2 potions of magic
 w - 2 potions of ambrosia
 x - 5 potions of heal wounds
 E - a potion of berserk rage
 I - 3 potions of brilliance
 J - 3 potions of cancellation
 K - a potion of lignification
 Q - 2 potions of haste
 W - a potion of flight
Miscellaneous
 j - a lightning rod (4/4)


   Skills:
 + Level 17.5 Fighting
 + Level 21.0(22.1) Axes
 + Level 12.6(18.9) Maces & Flails
 + Level 8.7(11.8) Staves
 + Level 1.5 Throwing
 + Level 15.6 Armour
 + Level 8.9 Dodging
 + Level 3.8 Stealth
 + Level 1.5 Shields


You had 15 spell levels left.
You didn't know any spells.
Your spell library was empty.

Dungeon Overview and Level Annotations

Branches:
Dungeon (15/15)            Temple (1/1) D:5            Lair (5/5) D:10
 Shoals (0/4) Lair:3        Snake (3/4) Lair:2        Slime (0/5) Lair:5
    Orc (2/2) D:12            Elf (0/3) Orc:2        Vaults (0/5) D:13
 Depths (0/4) D:15        Ossuary (visited)         Gauntlet (visited)

Altars:
Ashenzari
Cheibriados
Dithmenos
Elyvilon
Fedhas
Gozag
Hepliaklqana
Kikubaaqudgha
Makhleb
Nemelex Xobeh
Okawaru
Ru
Sif Muna
Vehumet
Wu Jian
Xom
Yredelemnul
Zin
Jiyva

Shops:
D:1 (   D:2 :   D:12 [   Orc:1 ?[   Orc:2 *([=


Innate Abilities, Weirdness & Mutations

You have a pair of horns on your head.
You reflexively headbutt those who attack you in melee.
You possess an exceptional clarity of mind.
You are covered in fur. (AC +1)
Your muscles are strong. (Str +4, Int/Dex -1)


Message History

You resist.
A naga comes into view. It is wielding a +0 battleaxe.
You feel sick.
The naga shouts!
You hear a shout!
You are more poisoned.
Items here: ) [ ††.
You closely miss the naga ritualist. You headbutt the naga ritualist!
The naga ritualist is moderately wounded.
You feel sick.
* * * LOW HITPOINT WARNING * * *
The naga ritualist spits poison at you. The splash of poison misses you.
You carve the naga ritualist like a ham!!!
Your headbutt misses the naga ritualist.
The naga ritualist is almost dead.
You feel sick.
You slash the naga ritualist!
You kill the naga ritualist!
Trog accepts your kill.
You feel sick.
You slash the black mamba!
The black mamba is moderately wounded.
You feel sick. You block the black mamba's attack.
The naga hits you but does no damage. The naga grabs you.
The naga constricts you.
* * * LOW HITPOINT WARNING * * *
You slice the black mamba!!
You kill the black mamba!
Trog accepts your kill.
You are no longer berserk.
You are exhausted.
You feel yourself slow down.
You feel sick.
You slice the naga!!
The naga looks as sick as possible!
The naga is almost dead.
You feel sick. The naga spits poison at you.
The splash of poison hits you but does no damage.
You are more poisoned.
You resist. The naga constricts you. The black mamba bites you!
You die...

# #S......# #
#.......# #
#.N.....# ###
#...N...# ...
....N.#### ##
....... ##.
'#'#.####S#.####..
...
......SN@)).......
#..
.....####.#.####..
#..
.......S..[....+
..) .
..#####.#.#### ...
#.#.# .#. #.#.# #.
#.#.# #. #.#.# ###
#. #######.#.# ..#
#.


You could see a mana viper, a black mamba and 2 nagas.

Vanquished Creatures
  Gastronok (Lair:3)
  Agnes (Snake:2)
  Roxanne (Snake:2)
  An orc warlord (Orc:2)
  Louise (Snake:2)
  A stone giant (D:15)
  A dire elephant (Lair:5)
  Nessos (Lair:3)
  A deep elf annihilator (D:14)
  A minotaur (Gauntlet)
  A deep elf death mage (D:14)
  8 vault guards (D:13)
  3 hydras
  A boulder beetle (D:14)
  2 ogre magi (D:15)
  8 anacondas
  4 two-headed ogres
  3 catoblepae
  4 naga warriors
  3 centaur warriors
  5 death yaks
  5 tengu warriors
  5 orc high priests
  5 shock serpents
  12 naga sharpshooters
  The ghost of lotum the Fighter, a novice DsAK of Lugonu (D:7)
  Amaemon (D:11)
  A salamander mystic (Snake:3)
  3 naga ritualists
  2 deep elf zephyrmancers (D:14)
  8 deep elf pyromancers
  4 orc knights
  5 ugly things
  6 cyclopes
  3 mana vipers
  3 manticores
  A salamander (Snake:1)
  7 orc sorcerers
  8 naga magi
  25 black mambas
  An orange demon (D:11)
  8 cane toads
  8 komodo dragons
  5 kobold demonologists (D:14)
  An unseen horror (D:14)
  3 rime drakes
  5 tengu conjurers
  A freezing wraith (D:14)
  A yaktaur (D:15)
  9 trolls
  9 polar bears (Lair:5)
  2 raiju (Lair:5)
  A hornet (D:8)
  3 slime creatures (Gauntlet)
  11 dream sheep
  5 wyverns
  A water elemental (D:13)
  66 yaks
  3 basilisks
  2 fire bats (Lair:4)
  2 wraiths
  A steam dragon (D:7)
  7 vampire mosquitoes
  16 nagas
  12 wargs
  An acid dragon (D:10)
  Edmund (D:6)
  13 hell hounds (Lair:5)
  12 water moccasins
  23 orc warriors
  A sky beast (D:6)
  15 black bears
  2 ice beasts
  10 ogres
  16 wolves (Lair:5)
  4 boggarts (D:15)
  21 centaurs
  A phantom (D:4)
  2 elf zombies (Ossuary)
  8 bullfrogs
  A necrophage (D:5)
  5 scorpions
  8 killer bees
  7 howler monkeys
  6 electric eels
  A crimson imp (D:3)
  A centaur zombie (Ossuary)
  6 hounds
  2 jellies
  10 orc priests
  Terence (D:2)
  8 iguanas
  15 orc wizards
  A hound zombie (Ossuary)
  3 mummies (Ossuary)
  7 adders
  2 shadow imps
  3 white imps
  3 ufetubi
  5 adder zombies (Ossuary)
  4 worms
  5 dart slugs
  91 orcs
  9 ball pythons
  4 bats (D:1)
  10 endoplasms
  2 giant cockroaches
  7 hobgoblins
  7 jackals
  8 quokkas
  A frilled lizard (D:2)
  2 gnoll zombies (Ossuary)
  7 goblins
  2 goblin zombies (Ossuary)
  5 jackal zombies (Ossuary)
  4 kobolds
  6 kobold zombies (Ossuary)
  An orc zombie (Ossuary)
  4 quokka zombies (Ossuary)
  5 rats
  A rat zombie (Ossuary)
750 creatures vanquished.

Vanquished Creatures (collateral kills)
  Vashnia (Snake:3)
  An apocalypse crab (Gauntlet)
  An orc priest (D:6)
  An orc (D:6)
4 creatures vanquished.

Vanquished Creatures (others)
  A naga sharpshooter (Snake:3)
  A wizard (D:14)
  20 fungi
  40 plants
62 creatures vanquished.

Grand Total: 816 creatures vanquished

Notes
Turn   | Place    | Note
-------+----------+-------------------------------------------
     0 | D:1      | boopmooplesden the Minotaur Berserker began the quest for
                  | the Orb.
     0 | D:1      | Reached XP level 1. HP: 19/19 MP: 0/0
   222 | D:1      | Reached XP level 2. HP: 24/27 MP: 1/1
   295 | D:1      | Reached skill level 4 in Axes
   322 | D:1      | Found a faded altar of an unknown god.
   361 | D:1      | Found Okhaer's Weapon Shop.
  1392 | D:2      | Reached XP level 3. HP: 29/33 MP: 2/2
  1451 | D:2      | Reached ** piety under Trog
  1710 | D:2      | Found Sez Re Rai's Book Shop.
  1987 | D:2      | Noticed Terence
  1995 | D:2      | Killed Terence
  1996 | D:2      | Reached skill level 5 in Axes
  1996 | D:2      | Reached XP level 4. HP: 40/41 MP: 3/3
  2292 | D:3      | Reached skill level 1 in Stealth
  2292 | D:3      | Reached XP level 5. HP: 47/47 MP: 4/4
  2345 | D:3      | Found a burning altar of Makhleb.
  2345 | D:3      | Found a shimmering altar of Xom.
  2539 | D:3      | Reached skill level 6 in Axes
  2814 | D:3      | Reached XP level 6. HP: 55/55 MP: 5/5
  3377 | D:4      | Reached *** piety under Trog
  3487 | D:4      | Reached skill level 5 in Fighting
  3533 | D:4      | Reached skill level 7 in Axes
  3551 | D:4      | Identified the +0 robe "Ujiomag" {rN++}
  3637 | D:4      | Reached XP level 7. HP: 39/61 MP: 6/6
  4578 | D:5      | Entered Level 5 of the Dungeon
  4700 | D:5      | Found a staircase to the Ecumenical Temple.
  4711 | Temple   | Entered the Ecumenical Temple
  4757 | D:5      | Found a sand-covered staircase.
  4766 | Ossuary  | Entered an ossuary
  4820 | Ossuary  | Reached skill level 8 in Axes
  4853 | Ossuary  | Reached **** piety under Trog
  4872 | Ossuary  | Reached skill level 5 in Armour
  5294 | D:5      | Reached XP level 8. HP: 60/71 MP: 7/7
  5436 | D:5      | Reached skill level 9 in Axes
  6308 | D:5      | Reached skill level 10 in Axes
  6600 | D:6      | Reached XP level 9. HP: 80/81 MP: 8/8
  6693 | D:6      | Identified the +3 leather armour of Idealism {rC+}
  6852 | D:6      | Noticed Edmund
  6866 | D:6      | Killed Edmund
  8065 | D:7      | Identified the +1 leather armour of Honour {rF+ Int-2 Dex+2
                  | SInv}
  8144 | D:7      | Found a runed translucent door.
  8144 | D:7      | Noticed lotum's ghost (novice DsAK)
  8168 | D:7      | Killed lotum's ghost
  8169 | D:7      | Reached skill level 11 in Axes
  8733 | D:8      | Reached skill level 5 in Dodging
  8764 | D:8      | Reached XP level 10. HP: 91/91 MP: 9/9
  8773 | D:8      | Reached skill level 12 in Axes
  8965 | D:8      | Found a snail-covered altar of Cheibriados.
 10215 | D:9      | Found a hazy altar of Hepliaklqana.
 10218 | D:9      | Found a sparkling altar of Nemelex Xobeh.
 10221 | D:9      | Found a blossoming altar of Fedhas.
 10224 | D:9      | Found a glowing silver altar of Zin.
 10275 | D:9      | Reached skill level 10 in Fighting
 11211 | D:10     | Entered Level 10 of the Dungeon
 11358 | D:10     | Found an ancient bone altar of Kikubaaqudgha.
 11358 | D:10     | Found a sacrificial altar of Ru.
 11358 | D:10     | Found an ornate altar of the Wu Jian Council.
 11896 | D:10     | Found a shimmering blue altar of Sif Muna.
 11896 | D:10     | Found a basalt altar of Yredelemnul.
 11896 | D:10     | Found a shadowy altar of Dithmenos.
 11905 | D:10     | Reached skill level 13 in Axes
 11906 | D:10     | Found a broken altar of Ashenzari.
 11911 | D:10     | Found a radiant altar of Vehumet.
 11912 | D:10     | Found a white marble altar of Elyvilon.
 12040 | D:10     | Found a staircase to the Lair.
 12232 | D:10     | Reached skill level 10 in Armour
 12323 | D:10     | Identified the +1 scale mail of Fashionability {Str+3}
 12801 | D:11     | Noticed a cyclops
 12816 | D:11     | Killed a cyclops
 13004 | D:11     | Found a radiant altar of Vehumet.
 13013 | D:11     | Reached XP level 11. HP: 57/101 MP: 10/10
 13378 | D:11     | Noticed Amaemon
 13404 | D:11     | Killed Amaemon
 13610 | D:11     | Noticed an eight-headed hydra
 13647 | Lair:1   | Entered Level 1 of the Lair of Beasts
 13692 | Lair:1   | Reached ***** piety under Trog
 13958 | Lair:1   | Reached skill level 14 in Axes
 14555 | Lair:1   | Found a sacrificial altar of Ru.
 14573 | Lair:1   | Reached skill level 1 in Maces & Flails
 14597 | Lair:1   | Noticed a catoblepas
 14616 | Lair:1   | Killed a catoblepas
 15509 | Lair:2   | Found a gate leading to a gauntlet.
 15518 | Gauntlet | Entered a Gauntlet
 15518 | Gauntlet | Found a transporter.
 15518 | Gauntlet | Found a transporter.
 15654 | Gauntlet | Reached skill level 5 in Maces & Flails
 15657 | Gauntlet | Found a transporter.
 15666 | Gauntlet | Found a transporter.
 15674 | Gauntlet | Found a transporter.
 15726 | Gauntlet | Found a transporter.
 15730 | Gauntlet | Reached XP level 12. HP: 112/112 MP: 11/11
 15831 | Gauntlet | Noticed a reaper
 15833 | Gauntlet | Found a transporter.
 15834 | Gauntlet | Found a transporter.
 15842 | Gauntlet | Found a transporter.
 15847 | Gauntlet | Found a transporter.
 15847 | Gauntlet | Noticed a death scarab
 15975 | Gauntlet | Noticed a minotaur
 16002 | Gauntlet | Killed a minotaur
 16216 | Lair:2   | Found a staircase to the Snake Pit.
 17499 | Lair:3   | Found a staircase to the Shoals.
 17595 | Lair:3   | Noticed a catoblepas
 17611 | Lair:3   | Killed a catoblepas
 17622 | Lair:3   | Noticed Nessos
 17641 | Lair:3   | Killed Nessos
 17977 | Lair:3   | Noticed Gastronok
 17992 | Lair:3   | Killed Gastronok
 18389 | Lair:4   | Reached skill level 10 in Maces & Flails
 19349 | Lair:4   | Reached XP level 13. HP: 113/122 MP: 12/12
 19885 | Lair:5   | Entered Level 5 of the Lair of Beasts
 19921 | Lair:5   | HP: 1/122 [five-headed hydra (9)]
 20615 | Lair:5   | Received a gift from Trog
 21001 | Lair:5   | Found a staircase to the Slime Pits.
 21002 | Lair:5   | Found a viscous altar of Jiyva.
 21482 | Lair:5   | Noticed a dire elephant
 21492 | Lair:5   | Killed a dire elephant
 21494 | Lair:5   | Reached skill level 15 in Axes
 22742 | D:12     | Reached XP level 14. HP: 113/133 MP: 13/13
 22758 | D:12     | Reached skill level 16 in Axes
 22946 | D:12     | Received a gift from Trog
 22969 | D:12     | Found a staircase to the Orcish Mines.
 22969 | D:12     | Found Helas's Armour Boutique.
 23173 | D:12     | Bought a +2 pair of boots of rampaging for 344 gold pieces
 23667 | D:13     | Found a gate to the Vaults.
 23689 | D:13     | Reached skill level 15 in Fighting
 24177 | D:13     | Reached skill level 1 in Throwing
 24396 | D:13     | Identified the +2 mace "Trog's Brutal Revenge" {venom,
                  | rPois Will- Str+5 Dex-2}
 24780 | D:13     | Reached skill level 17 in Axes
 26573 | D:14     | Found a shimmering blue altar of Sif Muna.
 26944 | D:14     | Reached skill level 18 in Axes
 27174 | D:15     | Entered Level 15 of the Dungeon
 27245 | D:15     | Found a staircase to the Depths.
 27245 | D:15     | Noticed a stone giant
 27249 | D:15     | Killed a stone giant
 27668 | D:15     | Reached XP level 15. HP: 74/143 MP: 14/14
 29021 | Orc:1    | Entered Level 1 of the Orcish Mines
 29148 | Orc:1    | Found Sewkicar's Magic Scroll Boutique.
 29156 | Orc:1    | Bought a scroll of enchant armour for 90 gold pieces
 29264 | Orc:2    | Entered Level 2 of the Orcish Mines
 29264 | Orc:2    | Noticed an orc warlord
 29264 | Orc:2    | Found Cujik's Antique Armour Emporium.
 29272 | Orc:2    | Killed an orc warlord
 29274 | Orc:2    | Reached skill level 19 in Axes
 29280 | Orc:2    | Found Xotu's Antique Weapon Boutique.
 29282 | Orc:2    | Received a gift from Trog
 29590 | Orc:2    | Found a staircase to the Elven Halls.
 29610 | Orc:2    | Found Racw's Jewellery Shop.
 29710 | Orc:2    | Bought the ring "Libapp" {rF+ Dex+4 Stlth+} for 648 gold
                  | pieces
 29814 | Orc:2    | Bought a transparent war axe for 263 gold pieces
 29814 | Orc:2    | Identified the +11 war axe of the Abyss {venom, Dex+2} (You
                  | bought it in a shop on level 2 of the Orcish Mines)
 29899 | Orc:2    | Found Howep's General Store.
 30613 | Orc:1    | Found Hamiso's Armour Shop.
 30692 | Orc:1    | Reached ****** piety under Trog
 30692 | Orc:1    | Received a gift from Trog
 30883 | Orc:1    | Reached skill level 15 in Armour
 31143 | Snake:1  | Entered Level 1 of the Snake Pit
 31382 | Snake:1  | Reached skill level 20 in Axes
 31946 | Snake:1  | Gained mutation: You have an increased reservoir of magic.
                  | (+10% MP) [potion of mutation]
 31946 | Snake:1  | Gained mutation: You are weak. (Str -2) [potion of
                  | mutation]
 31947 | Snake:1  | Lost mutation: You have an increased reservoir of magic.
                  | (+10% MP) [potion of mutation]
 31947 | Snake:1  | Lost mutation: You are weak. (Str -2) [potion of mutation]
 31947 | Snake:1  | Gained mutation: Your muscles are strong. (Str +4, Int/Dex
                  | -1) [potion of mutation]
 31947 | Snake:1  | Gained mutation: You are covered in fur. (AC +1) [potion of
                  | mutation]
 31947 | Snake:1  | Gained mutation: You possess an exceptional clarity of
                  | mind. [potion of mutation]
 33236 | Snake:2  | Received a gift from Trog
 33246 | Snake:2  | Noticed Louise
 33256 | Snake:2  | Killed Louise
 33257 | Snake:2  | Reached XP level 16. HP: 130/155 MP: 15/15
 33566 | Snake:2  | Noticed Agnes
 33576 | Snake:2  | Killed Agnes
 33624 | Snake:2  | Found the +3 Mad Mage's Maulers {Infuse+∞ RegenMP Int-3}
 34394 | Snake:2  | Reached skill level 21 in Axes
 34400 | Snake:2  | Reached skill level 1 in Staves
 34571 | Snake:2  | Identified Roxanne's Lectures on Variation
 34571 | Snake:2  | Noticed Roxanne
 34586 | Snake:2  | Killed Roxanne
 35106 | Snake:3  | Noticed Vashnia
 35119 | Snake:3  | Reached skill level 5 in Staves
 35121 | Snake:3  | Reached skill level 1 in Shields
 35134 | Snake:3  | Killed Vashnia
 35651 | Snake:3  | HP: 11/232 [poisoned by a naga ritualist (toxic radiance)]
 35654 | Snake:3  | HP: 3/155 [poisoned by a naga ritualist (toxic radiance)]
 35655 | Snake:3  | Slain by a black mamba

Illustrated notes

Levels and vault maps discovered:
D:1:      grunt_arrival_lava_bath, layout_basic, serial_shops,
          nicolae_shop_temple_entry_statues_fountains,
          dreamdust_ecumenical_altar_hidden_monk_grotto,
          minmay_misc_feat_more_columns
D:2:      layout_basic, serial_shops, shop, uniq_terence
D:3:      layout_loops_corners, grunt_temple_overflow_champion_of_chaos
D:4:      layout_basic, minmay_manual_mess
D:5:      minmay_polygon_palace, layout_rooms,
          minmay_temple_entry_statues_fountains, chequers_ossuary_entry_cave,
          grunt_ministairs_5
D:6:      layout_rooms, uniq_edmund
D:7:      layout_layer_cave, gammafunk_ghost_grave
D:8:      layout_gridville, cheibrodos_worm_habitat, nrook_mini_vaults
D:9:      layout_basic, grunt_temple_overflow_cloverleaf
D:10:     layout_basic, nicolae_overflow_hallway_of_the_gods, lair_entry_dummy
D:11:     layout_loops_ring, nicolae_vehumet_altar_sigil, uniq_amaemon
D:12:     layout_loops_ring, orc_david_3
D:13:     layout_basic, erik_vaults_2
D:14:     evilmike_library_of_no_secrets, layout_loops_corners
D:15:     grunt_enter_depths_snipers, layout_basic, skrybe_limestone_x,
          feat_on_display
Temple:   hellmonk_temple_flake
Lair:1:   layout_chaotic_city, basic_altar, lemuel_fruit_fields
Lair:2:   layout_regular_city, guppyfry_snake_entry_island,
          gauntlet_entry_generic
Lair:3:   layout_gridlike, shoals_dummy_entry, grunt_megastairs_4,
          serial_bayou_shore_a, lemuel_fruit_tree, uniq_nessos, uniq_gastronok
Lair:4:   layout_gridlike, grunt_megastairs_2, lemuel_fruit_fields,
          infiniplex_staircase_pool, lemuel_fruit_fields
Lair:5:   hangedman_lair_caniforms_friends, layout_loops_ring, wormcave,
          slime_entry_1
Snake:1:  layout_chambers, grunt_megastairs_1, serial_bayou_shore_b
Snake:2:  layout_rooms, hangedman_snake_thin_pillar_pass, uniq_agnes,
          uniq_louise, uniq_roxanne
Snake:3:  layout_basic, uniq_vashnia
Orc:1:    layout_caves, serial_shops, nicolae_shop_window_shopping,
          nicolae_shop_statue_plus, kennysheep_orc_chapel
Orc:2:    grunt_orc_gardens, layout_caves, grunt_orc_garden, grunt_orc_garden,
          grunt_orc_garden, grunt_orc_garden, nicolae_orc_sculptors_studio,
          mines2_david

Skill      XL: |  1  2  3  4  5  6  7  8  9 10 11 12 13 14 15 16 |
---------------+-------------------------------------------------+-----
Axes           | 4 5 6 7 8 10 11 13 14 15 18 20 21 | 21.0
Fighting       | 4 5 6 8 9 10 12 13 14 15 17 | 17.5
Stealth        | 1 2 3 |  3.8
Dodging        | 3 5 6 7 8 |  8.9
Armour         | 3 4 5 6 8 10 12 13 14 15 | 15.6
Maces & Flails | 5 10 12 | 12.6
Throwing       | 1 |  1.5
Staves         | 8 |  8.7
Shields        | 1 |  1.5

Action                   |  1- 3 |  4- 6 |  7- 9 | 10-12 | 13-15 | 16-18 || total
-------------------------+-------+-------+-------+-------+-------+-------++-------
Melee: Hand axe          |    85 |   125 |   421 |   299 |       |       ||   930
       Headbutt          |    13 |    16 |    79 |   173 |   179 |    34 ||   494
       Punch             |       |     2 |     7 |    10 |     3 |       ||    22
       Demon whip        |       |       |       |   359 |   164 |       ||   523
       Battleaxe         |       |       |       |       |   154 |       ||   154
       Executioner's axe |       |       |       |       |   519 |    25 ||   544
       Lajatang          |       |       |       |       |       |   116 ||   116
Throw: Boomerang         |       |       |       |       |    10 |       ||    10
       Javelin           |       |       |       |       |     7 |       ||     7
Invok: Berserk           |     2 |     2 |     8 |    12 |    13 |     3 ||    40
       Brothers in Arms  |       |       |     1 |     1 |     1 |     1 ||     4
       Trog's Hand       |       |       |       |       |     1 |     1 ||     2
  Use: Scroll            |       |    10 |     6 |    16 |     8 |     3 ||    43
       Potion            |       |       |       |       |     5 |     1 ||     6
 Stab: Sleeping          |     1 |       |       |       |     1 |     1 ||     3
       Distracted        |     1 |       |       |       |     1 |       ||     2
Armor: Animal skin       |    12 |       |       |       |       |       ||    12
       Chain mail        |       |    56 |   122 |     6 |       |       ||   184
       Ring mail         |       |       |    56 |     5 |       |       ||    61
       Plate armour      |       |       |       |   206 |       |       ||   206
       Fire dragon scale |       |       |       |   113 |   552 |    53 ||   718
Dodge: Dodged            |    54 |    39 |   178 |   267 |   596 |    70 ||  1204
Block: Other             |       |       |       |       |       |    24 ||    24
       Reflection        |       |       |       |       |       |     7 ||     7
